Map: Zen LE

Players

LowLinK - Winner!

  • Race: Protoss Protoss
  • League: Platinum
  • Spawn Location: 7:00

Osangri

  • Race: Terran Terran
  • League: Platinum
  • Spawn Location: 1:00

VOD

Have the link to the VOD?

Description

Time

  • Played on: Feb. 15, 2020, 11:11 a.m.
  • Length: 9:01
Show
View Real Time Build Order
Export as new Build Order

LowLinK Protoss - Winner!

Build Orders:  

Get SALT Encoding   

  12  0:01  Probe  
  13  0:13  Probe  
  14  0:21  Pylon  
  14  0:25  Probe  
  15  0:39  Probe  
  15  0:40  Gateway  
  16  0:48  Assimilator  
  16  0:51  Probe  
  16  0:56  Assimilator  
  17  1:03  Probe  
  18  1:15  Probe  
  19  1:20  Pylon  
  19  1:27  Cybernetics Core, Probe  
  21  1:40  Probe  
  21  1:52  Probe  
  22  2:03  Pylon  
  22  2:04  Probe  
  22  2:05  Warp Gate  
  25  2:23  Stalker (Chrono Boost)  
  24  2:32  Gateway  
  24  2:34  Gateway  
  24  2:38  Robotics Facility  
  24  2:43  Probe  
  25  2:55  Gateway  
  25  3:07  Robotics Facility  
  25  3:47  Pylon  
  25  3:53  Stalker  
  27  3:57  Stalker x2  
  31  4:12  Gateway  
  31  4:16  Stalker  
  33  4:20  Pylon  
  33  4:27  Pylon  
  33  4:34  Pylon  
  33  4:40  Sentry  
  33  4:45  Stalker x3  
  41  5:04  Stalker  
  41  5:06  Stalker  
  45  5:08  Stalker x3  
  51  5:24  Stalker  
  51  5:26  Stalker x3  
  59  5:31  Pylon  
  55  5:42  Stalker  
  42  6:44  Probe  
  43  6:50  Stalker  
  45  6:57  Probe  
  47  7:30  Probe  
  41  7:42  Probe (Chrono Boost)  
  26  7:54  Probe (Chrono Boost)  
  25  8:00  Probe (Chrono Boost)  
  22  8:08  Probe (Chrono Boost)  
  23  8:18  Stalker x3  
  30  8:20  Probe (Chrono Boost)  
  30  8:44  Probe  
  30  8:45  Stalker x2  
Show
View Real Time Build Order
Export as new Build Order

Osangri Terran 

Build Orders: Liberator Opening, Reaper Expand 

Get SALT Encoding   

  12  0:01  SCV  
  13  0:14  SCV  
  14  0:18  Supply Depot  
  14  0:27  SCV  
  15  0:40  SCV  
  15  0:42  Barracks  
  16  0:50  Refinery  
  16  0:53  SCV  
  17  1:05  SCV  
  18  1:17  SCV  
  19  1:32  Orbital Command  
  19  1:34  Reaper  
  20  1:53  Command Center  
  20  1:56  Supply Depot  
  20  1:59  SCV  
  21  2:08  Barracks Reactor  
  21  2:14  SCV  
  22  2:26  SCV  
  23  2:34  Factory  
  23  2:36  Refinery  
  23  2:46  SCV  
  23  2:48  Marine x2  
  26  2:58  SCV  
  27  3:05  Orbital Command  
  27  3:07  Marine x2  
  29  3:25  Orbital Command  
  31  3:29  Starport  
  29  3:38  Hellion x2, Barracks Tech Lab  
  33  3:47  SCV  
  34  3:56  SCV  
  34  3:59  SCV  
  34  4:00  Hellion x2, Stimpack  
  40  4:08  SCV  
  40  4:09  Supply Depot, Liberator  
  41  4:13  Marine  
  45  4:17  Bunker  
  45  4:18  SCV  
  45  4:24  Engineering Bay  
  51  4:31  SCV, Hellion x2  
  50  4:41  SCV, Bunker  
  50  4:43  SCV  
  52  4:46  Bunker  
  52  5:09  Factory Tech Lab  
  52  5:11  Barracks  
  52  5:13  Barracks  
  52  5:18  Supply Depot  
  52  5:20  SCV  
  52  5:21  SCV  
  54  5:27  Refinery  
  54  5:29  Refinery  
  54  5:38  Terran Infantry Weapons Level 1  
  54  5:39  SCV, Siege Tank  
  54  5:40  Marauder  
  60  5:42  Supply Depot  
  60  5:46  SCV  
  61  5:51  SCV  
  62  5:59  Supply Depot  
  62  6:01  Barracks Tech Lab  
  62  6:02  Barracks Reactor  
  62  6:03  Supply Depot  
  62  6:04  SCV, Medivac x2  
  62  6:10  SCV  
  58  6:32  Marine x2, Siege Tank  
  56  6:39  Marine x2  
  57  6:40  Orbital Command  
  38  6:51  Marauder x2  
  40  6:56  Orbital Command  
  40  6:57  Marine x2  
  26  7:12  Marauder x2  
  26  7:15  Marine x2  
  24  7:33  Marauder  
  24  7:34  Marauder  
  9  7:55  Marauder  
  3  8:23  Marine  
  2  8:30  SCV  
Tags
 
Add a new tag
Caveats
  • Supply blocks, unpowered buildings, or Contaminate may cause inaccurate times.
  • Supply counts are checked every 10 seconds.